General information
- name: BNet
- type: Ladder team game (AT/RT)
- host: Battle.net
- saver: sc2no.wc4yes
map: GoldRush
- players: 8
- length: 45:37
- speed: Fast
- version: 1.24 W3XP
- replay type: Public
» download(234 KB)
Players
team 1 (winner)
ObiWanKillNooby (
pink | 29 APM | 1317 actions | 45:35)
5 Blademaster
3 Wind Walk
2 Critical Strike
» actions
| Basic commands | 87 | |
| Build / train | 45 | |
| Enter build submenu | 63 | |
| Enter hero's abilities submenu | 5 | |
| Give item / drop item | 1 | |
| Remove unit from queue | 1 | |
| Right click | 545 | |
| Select / deselect | 485 | |
| Use ability | 84 | |
1317 total
» units
» upgrades
| Spiked Barricades | 3 | |
| Reinforced Defenses | 1 | |
4 total
» buildings
| Altar of Storms | 4 | |
| Orc Burrow | 12 | |
| Barracks | 1 | |
| Stronghold | 4 | |
| Great Hall | 3 | |
| Voodoo Lounge | 2 | |
| Fortress | 2 | |
| War Mill | 3 | |
| Watch Tower | 35 | |
| Necropolis | 1 | |
67 total
» build order
00:09 Altar of Storms
00:16 Orc Burrow
00:39 Barracks
01:38 Orc Burrow
02:24 Stronghold
02:25 Stronghold
02:25 Stronghold
03:33 Great Hall
03:50 Voodoo Lounge
04:02 Orc Burrow
04:53 Fortress
06:28 Orc Burrow
06:44 War Mill
07:35 Altar of Storms
08:21 Watch Tower
08:50 Watch Tower
09:01 Watch Tower
09:19 Necropolis
11:48 Stronghold
11:55 Watch Tower
11:59 Watch Tower
12:06 Watch Tower
12:13 Watch Tower
13:00 Watch Tower
13:09 War Mill
13:20 Orc Burrow
13:33 Watch Tower
13:48 Watch Tower
14:32 Orc Burrow
14:48 Orc Burrow
15:05 Orc Burrow
15:18 Watch Tower
15:29 Watch Tower
15:46 Watch Tower
16:01 Orc Burrow
16:15 Watch Tower
16:25 Orc Burrow
16:36 Watch Tower
17:03 Fortress
17:18 Watch Tower
17:27 Watch Tower
17:41 Watch Tower
17:52 Voodoo Lounge
18:01 Watch Tower
18:08 Watch Tower
18:34 Watch Tower
18:40 Watch Tower
19:00 Watch Tower
19:08 Watch Tower
19:23 Watch Tower
19:29 Orc Burrow
21:03 War Mill
22:00 Watch Tower
22:06 Watch Tower
22:11 Watch Tower
22:16 Watch Tower
22:21 Watch Tower
22:29 Watch Tower
22:35 Watch Tower
23:53 Great Hall
23:57 Altar of Storms
24:09 Watch Tower
24:14 Watch Tower
24:40 Watch Tower
25:57 Great Hall
28:24 Altar of Storms
28:33 Orc Burrow
» items
| Healing Salve | 1 | |
| Orb of Lightning | 1 | |
2 total

»
sc2no.wc4yes (
green | 115 APM | 5267 actions | 45:37)
8 Warden
3 Shadow Strike
2 Blink
2 Spirit of Vengeance
1 Fan of Knives
1 Priestess of the Moon
1 Trueshot Aura
» actions
| Assign group hotkey | 90 | |
| Basic commands | 233 | |
| Build / train | 174 | |
| ESC pressed | 35 | |
| Enter build submenu | 113 | |
| Enter hero's abilities submenu | 12 | |
| Right click | 1130 | |
| Select / deselect | 700 | |
| Select group hotkey | 627 | |
| Use ability | 2153 | |
5267 total
» units
| Wisp | 91 | |
| Chimaera | 25 | |
| Hippogryph | 5 | |
121 total
» upgrades
| Ultravision | 1 | |
| Strength of the Wild | 3 | |
| Reinforced Hides | 3 | |
| Nature's Blessing | 1 | |
| Corrosive Breath | 1 | |
| Well Spring | 1 | |
10 total
» buildings
| Tree of Life | 1775 | |
| Altar of Elders | 1 | |
| Moon Well | 9 | |
| Hunter's Hall | 1 | |
| Ancient Protector | 68 | |
| Tree of Ages | 2 | |
| Tree of Eternity | 3 | |
| Ancient of Wind | 10 | |
| Necropolis | 1 | |
| Chimaera Roost | 11 | |
| Ancient of Wonders | 2 | |
1883 total
» build order
00:20 Tree of Life
00:20 Tree of Life
00:36 Tree of Life
00:38 Altar of Elders
00:39 Moon Well
00:41 Hunter's Hall
00:58 Moon Well
01:01 Tree of Life
01:02 Tree of Life
01:10 Tree of Life
01:18 Tree of Life
01:19 Tree of Life
01:20 Tree of Life
01:29 Tree of Life
01:35 Tree of Life
01:36 Tree of Life
01:36 Tree of Life
01:38 Tree of Life
01:46 Tree of Life
01:46 Tree of Life
01:55 Ancient Protector
01:57 Ancient Protector
02:00 Ancient Protector
02:01 Ancient Protector
02:06 Ancient Protector
02:12 Ancient Protector
02:13 Ancient Protector
02:16 Ancient Protector
02:17 Ancient Protector
02:19 Ancient Protector
02:22 Ancient Protector
02:24 Ancient Protector
02:37 Ancient Protector
02:46 Tree of Life
03:53 Tree of Ages
03:53 Tree of Ages
03:57 Moon Well
03:59 Moon Well
04:00 Moon Well
04:00 Moon Well
04:04 Moon Well
04:13 Moon Well
05:05 Tree of Life
05:14 Tree of Life
05:14 Tree of Life
05:21 Tree of Life
06:14 Tree of Eternity
06:14 Tree of Eternity
06:19 Ancient of Wind
06:34 Ancient Protector
06:35 Ancient Protector
06:36 Ancient Protector
07:17 Tree of Life
08:03 Necropolis
08:40 Tree of Life
09:09 Chimaera Roost
09:11 Chimaera Roost
09:11 Chimaera Roost
09:12 Chimaera Roost
09:14 Chimaera Roost
09:14 Chimaera Roost
11:30 Tree of Life
11:42 Chimaera Roost
11:42 Chimaera Roost
11:42 Chimaera Roost
11:43 Chimaera Roost
12:52 Tree of Life
12:53 Tree of Life
13:11 Ancient Protector
13:11 Ancient Protector
13:12 Ancient Protector
13:12 Ancient Protector
13:45 Ancient of Wonders
13:46 Ancient Protector
13:47 Ancient Protector
13:48 Ancient Protector
14:35 Tree of Life
14:51 Ancient of Wonders
15:14 Tree of Life
15:49 Tree of Life
16:18 Ancient Protector
16:19 Ancient Protector
16:19 Ancient Protector
16:19 Ancient Protector
16:20 Ancient Protector
16:20 Ancient Protector
16:21 Ancient Protector
16:21 Ancient Protector
16:22 Ancient Protector
16:23 Ancient Protector
17:41 Tree of Life
18:04 Tree of Life
18:15 Ancient Protector
18:29 Tree of Life
18:35 Tree of Life
19:05 Tree of Life
19:15 Ancient Protector
19:15 Ancient Protector
19:16 Ancient Protector
19:16 Ancient Protector
19:16 Ancient Protector
19:16 Ancient Protector
19:17 Ancient Protector
19:18 Ancient Protector
19:21 Ancient Protector
19:22 Ancient Protector
19:22 Ancient Protector
19:22 Ancient Protector
19:23 Ancient Protector
19:23 Ancient Protector
19:57 Tree of Life
20:08 Tree of Life
20:48 Ancient of Wind
20:48 Ancient of Wind
21:03 Tree of Life
21:21 Ancient of Wind
21:22 Ancient of Wind
21:41 Tree of Life
21:41 Tree of Life
22:01 Tree of Life
22:01 Tree of Life
22:18 Ancient of Wind
22:19 Ancient of Wind
22:19 Ancient of Wind
22:31 Tree of Life
23:58 Tree of Life
24:33 Ancient Protector
24:34 Ancient Protector
24:34 Ancient Protector
24:37 Ancient Protector
26:22 Tree of Life
26:22 Tree of Life
26:57 Ancient Protector
26:57 Ancient Protector
26:58 Ancient Protector
26:58 Ancient Protector
27:00 Ancient Protector
27:22 Tree of Life
27:50 Tree of Life
28:14 Tree of Life
29:18 Ancient Protector
29:19 Ancient Protector
29:19 Ancient Protector
29:19 Ancient Protector
29:20 Ancient Protector
29:20 Ancient Protector
29:20 Ancient Protector
29:21 Ancient Protector
36:33 Moon Well
37:14 Tree of Life
37:20 Tree of Life
40:04 Tree of Life
41:59 Tree of Life
43:42 Tree of Life
» items
| Scroll of Town Portal | 7 | |
| Orb of Venom | 1 | |
| Potion of Invisibility | 1 | |
| Boots of Speed | 1 | |
| Staff of Teleportation | 1 | |
| Potion of Lesser Invulnerability | 1 | |
| Tome of Retraining | 1 | |
| Scroll of Speed | 1 | |
14 total

»
DarkLord_Lalinc (
red | 91 APM | 415 actions | 04:34)
2 Archmage
1 Summon Water Elemental
1 Blizzard
» actions
| Assign group hotkey | 7 | |
| Build / train | 17 | |
| Enter build submenu | 9 | |
| Enter hero's abilities submenu | 2 | |
| Right click | 145 | |
| Select / deselect | 81 | |
| Select group hotkey | 144 | |
| Use ability | 10 | |
415 total
» units
» upgrades
» buildings
| Altar of Kings | 1 | |
| Farm | 4 | |
| Barracks | 1 | |
| Lumber Mill | 1 | |
| Blacksmith | 1 | |
| Arcane Vault | 1 | |
| Keep | 1 | |
10 total
» build order
00:07 Altar of Kings
00:10 Farm
00:14 Barracks
00:56 Farm
01:37 Lumber Mill
02:27 Blacksmith
03:13 Arcane Vault
03:38 Keep
04:00 Farm
04:22 Farm
ninguembr (
teal | 28 APM | 218 actions | 07:46)
2 Crypt Lord
1 Impale
1 Spiked Carapace
» actions
| Assign group hotkey | 5 | |
| Build / train | 19 | |
| Enter build submenu | 8 | |
| Enter hero's abilities submenu | 2 | |
| Right click | 87 | |
| Select / deselect | 71 | |
| Select group hotkey | 16 | |
| Use ability | 10 | |
218 total
» units
| Acolyte | 2 | |
| Ghoul | 9 | |
| Crypt Fiend | 2 | |
13 total
» buildings
| Altar of Darkness | 1 | |
| Ziggurat | 3 | |
| Crypt | 1 | |
| Graveyard | 1 | |
| Nerubian Tower | 3 | |
9 total
» build order
00:11 Altar of Darkness
00:16 Ziggurat
00:45 Crypt
01:37 Ziggurat
01:43 Ziggurat
02:43 Graveyard
02:48 Nerubian Tower
02:50 Nerubian Tower
02:53 Nerubian Tower
team 2 (loser)

»
Fuzion-licH (
orange | 27 APM | 1224 actions | 45:34)
7 Archmage
3 Summon Water Elemental
2 Blizzard
1 Brilliance Aura
1 Mass Teleport
» actions
| Assign group hotkey | 3 | |
| Basic commands | 211 | |
| Build / train | 86 | |
| ESC pressed | 2 | |
| Enter build submenu | 33 | |
| Enter hero's abilities submenu | 7 | |
| Right click | 301 | |
| Select / deselect | 520 | |
| Select group hotkey | 18 | |
| Use ability | 43 | |
1224 total
» units
| Peasant | 17 | |
| Footman | 12 | |
| Flying Machine | 20 | |
| Forest Troll Shadow Priest | 2 | |
| Forest Troll Berserker | 2 | |
| Siege Engine | 11 | |
| Gryphon Rider | 2 | |
66 total
» upgrades
| Lumber Harvesting | 2 | |
| Gunpowder | 2 | |
| Flying Machine Bombs | 1 | |
| Flak Cannons | 1 | |
| Barrage | 1 | |
7 total
» buildings
| Farm | 10 | |
| Barracks | 2 | |
| Altar of Kings | 1 | |
| Lumber Mill | 1 | |
| Keep | 1 | |
| Blacksmith | 1 | |
| Scout Tower | 1 | |
| Guard Tower | 1 | |
| Castle | 1 | |
| Workshop | 5 | |
| Town Hall | 4 | |
28 total
» build order
00:30 Farm
00:35 Barracks
00:39 Altar of Kings
01:30 Barracks
01:50 Farm
02:29 Farm
03:09 Farm
03:52 Farm
04:03 Lumber Mill
05:11 Keep
05:14 Blacksmith
05:18 Scout Tower
06:30 Guard Tower
07:46 Castle
07:49 Workshop
07:52 Workshop
07:57 Workshop
08:02 Farm
08:44 Farm
12:15 Farm
12:18 Farm
13:02 Farm
22:26 Workshop
22:33 Workshop
24:11 Town Hall
24:32 Town Hall
30:28 Town Hall
31:49 Town Hall
the_beaver (
blue | 57 APM | 2058 actions | 36:12)
6 Archmage
3 Summon Water Elemental
2 Brilliance Aura
1 Mass Teleport
7 Mountain King
3 Storm Bolt
3 Bash
1 Avatar
» actions
| Assign group hotkey | 28 | |
| Basic commands | 102 | |
| Build / train | 49 | |
| Enter build submenu | 27 | |
| Enter hero's abilities submenu | 13 | |
| Give item / drop item | 3 | |
| Right click | 1051 | |
| Select / deselect | 414 | |
| Select group hotkey | 257 | |
| Use ability | 114 | |
2058 total
» units
| Peasant | 8 | |
| Footman | 7 | |
| Mortar Team | 3 | |
| Rifleman | 1 | |
19 total
» upgrades
» buildings
| Altar of Kings | 1 | |
| Farm | 6 | |
| Barracks | 1 | |
| Scout Tower | 1 | |
| Arcane Tower | 1 | |
| Arcane Vault | 1 | |
| Keep | 1 | |
| Blacksmith | 1 | |
| Lumber Mill | 1 | |
| Workshop | 2 | |
| Arcane Sanctum | 1 | |
| Town Hall | 1 | |
| Castle | 1 | |
| Gryphon Aviary | 2 | |
21 total
» build order
00:10 Altar of Kings
00:36 Farm
00:58 Barracks
01:13 Farm
01:49 Scout Tower
02:19 Arcane Tower
02:30 Arcane Vault
02:37 Farm
03:57 Keep
05:24 Blacksmith
05:31 Farm
07:20 Lumber Mill
07:25 Workshop
07:29 Workshop
07:40 Arcane Sanctum
08:19 Town Hall
08:37 Farm
09:29 Farm
12:15 Castle
12:22 Gryphon Aviary
12:41 Gryphon Aviary
» items
| Lesser Clarity Potion | 5 | |
| Potion of Healing | 1 | |
| Potion of Mana | 1 | |
| Scroll of Regeneration | 4 | |
11 total
denver (
yellow | 36 APM | 976 actions | 27:29)
5 Mountain King
3 Storm Bolt
2 Bash
» actions
| Assign group hotkey | 2 | |
| Build / train | 60 | |
| Enter build submenu | 29 | |
| Enter hero's abilities submenu | 5 | |
| Remove unit from queue | 2 | |
| Right click | 502 | |
| Select / deselect | 335 | |
| Select group hotkey | 2 | |
| Use ability | 39 | |
976 total
» units
| Peasant | 13 | |
| Footman | 8 | |
| Rifleman | 23 | |
44 total
» upgrades
| Gunpowder | 2 | |
| Armor | 2 | |
| Long Rifles | 1 | |
5 total
» buildings
| Barracks | 2 | |
| Altar of Kings | 2 | |
| Farm | 12 | |
| Lumber Mill | 1 | |
| Scout Tower | 2 | |
| Arcane Vault | 1 | |
| Arcane Tower | 2 | |
| Keep | 1 | |
| Blacksmith | 1 | |
| Town Hall | 5 | |
| Castle | 0 | |
29 total
» build order
01:07 Barracks
01:09 Barracks
01:12 Altar of Kings
01:15 Farm
01:26 Lumber Mill
01:37 Farm
02:34 Farm
02:43 Scout Tower
02:44 Scout Tower
02:54 Farm
03:05 Arcane Vault
03:37 Arcane Tower
03:39 Arcane Tower
04:16 Farm
04:56 Farm
05:09 Keep
05:24 Blacksmith
06:32 Farm
07:30 Farm
08:39 Farm
09:18 Farm
09:58 Farm
10:46 Farm
16:30 Town Hall
16:46 Castle
17:07 Town Hall
17:35 Town Hall
20:04 Town Hall
21:17 Keep
21:28 Altar of Kings
21:52 Town Hall
Sly_Prod (
purple | 31 APM | 1248 actions | 39:46)
6 Archmage
3 Summon Water Elemental
2 Brilliance Aura
1 Mass Teleport
5 Blood Mage
3 Flame Strike
2 Banish
» actions
| Assign group hotkey | 62 | |
| Basic commands | 23 | |
| Build / train | 120 | |
| Enter build submenu | 38 | |
| Enter hero's abilities submenu | 11 | |
| Give item / drop item | 4 | |
| Right click | 334 | |
| Select / deselect | 318 | |
| Select group hotkey | 251 | |
| Use ability | 87 | |
1248 total
» units
| Peasant | 14 | |
| Footman | 7 | |
| Rifleman | 15 | |
| Sorceress | 4 | |
| Priest | 3 | |
| Gryphon Rider | 19 | |
| Siege Engine | 7 | |
69 total
» upgrades
| Masonry | 3 | |
| Lumber Harvesting | 1 | |
| Armor | 2 | |
| Swords | 1 | |
| Gunpowder | 1 | |
| Storm Hammers | 1 | |
| Long Rifles | 1 | |
| Priest Training | 2 | |
| Magic Sentry | 1 | |
| Sorceress Training | 1 | |
| Barrage | 1 | |
15 total
» buildings
| Altar of Kings | 1 | |
| Farm | 13 | |
| Barracks | 1 | |
| Scout Tower | 19 | |
| Arcane Tower | 1 | |
| Arcane Vault | 1 | |
| Blacksmith | 1 | |
| Keep | 1 | |
| Lumber Mill | 1 | |
| Guard Tower | 8 | |
| Town Hall | 5 | |
| Arcane Sanctum | 1 | |
| Castle | 1 | |
| Gryphon Aviary | 2 | |
| Workshop | 2 | |
58 total
» build order
00:03 Altar of Kings
00:10 Farm
00:26 Barracks
00:42 Scout Tower
01:05 Farm
01:39 Arcane Tower
01:51 Farm
01:55 Farm
03:24 Arcane Vault
03:31 Blacksmith
04:37 Keep
05:33 Farm
05:34 Farm
05:35 Farm
07:13 Lumber Mill
08:39 Guard Tower
09:40 Town Hall
10:56 Arcane Sanctum
11:01 Castle
11:05 Gryphon Aviary
11:07 Gryphon Aviary
13:15 Scout Tower
13:19 Scout Tower
13:22 Scout Tower
13:24 Scout Tower
13:27 Scout Tower
14:07 Scout Tower
14:14 Guard Tower
14:40 Farm
14:41 Farm
14:42 Farm
14:43 Farm
14:44 Farm
17:00 Scout Tower
17:01 Scout Tower
17:02 Scout Tower
17:31 Guard Tower
17:37 Guard Tower
17:48 Guard Tower
18:07 Farm
18:16 Guard Tower
21:54 Guard Tower
22:01 Town Hall
25:30 Scout Tower
25:30 Scout Tower
25:32 Scout Tower
25:35 Scout Tower
25:41 Scout Tower
25:42 Scout Tower
27:37 Town Hall
32:13 Town Hall
34:52 Workshop
35:04 Workshop
36:33 Scout Tower
36:35 Scout Tower
36:37 Scout Tower
37:06 Guard Tower
38:07 Town Hall
» items
| Dust of Appearance | 1 | |
| Ivory Tower | 9 | |
| Scroll of Regeneration | 1 | |
11 total
Chat log
(04:34 / Allies) ninguembr: ?
(05:30 / Allies) sc2no.wc4yes: good one
(05:33 / Allies) sc2no.wc4yes: LOL
(06:04 / All) sc2no.wc4yes: PINK IS mad about dying
(06:07 / All) sc2no.wc4yes: so he bsed teal with red
(06:08 / All) sc2no.wc4yes: rofl
(06:23 / All) the_beaver: how does every game have some bser?
(06:31 / All) the_beaver: people like just figure that out or something
(06:32 / All) the_beaver: what losers
(06:50 / All) sc2no.wc4yes: he bsed because he was sad that his base got raped
(06:52 / All) the_beaver: GUYS I FOUND THE ATTACK BUTTON
(06:53 / All) sc2no.wc4yes: and because he didnt wantr to try a 3v4
(07:04 / All) the_beaver: TE HE I BET IT WOULD BE FUNNY IF I ATTACKT MY ALLY
(07:54 / All) the_beaver: BR
(07:56 / All) the_beaver: brazil
(20:17 / All) the_beaver: have fun crushing the archmage with chims?
(22:03 / All) the_beaver: LMAO
(26:05 / All) the_beaver: kill chim
(27:42 / All) sc2no.wc4yes: too easy
(27:44 / All) sc2no.wc4yes: 1v5
(27:45 / All) sc2no.wc4yes: easy win
(28:53 / All) ObiWanKillNooby: more tanks
(30:48 / All) sc2no.wc4yes: EASY
(30:52 / All) sc2no.wc4yes: HA HA HA HA HA
(31:40 / Allies) sc2no.wc4yes: YOU STINK NOOBY
(32:51 / Allies) sc2no.wc4yes: ha ha hahahahhahahaha
(34:04 / All) ObiWanKillNooby: guess I'll afk in case green pulls out a win from his ass
(34:05 / All) ObiWanKillNooby: lol
(34:11 / All) sc2no.wc4yes: easy rape
(34:45 / All) ObiWanKillNooby: mk dead
(34:54 / All) ObiWanKillNooby: lol you guys can't beat green?
(34:59 / All) ObiWanKillNooby: thats pathetic
(35:02 / All) sc2no.wc4yes: netiher can you noobwad
(35:05 / All) sc2no.wc4yes: 1v5 easy rape
(35:15 / Allies) sc2no.wc4yes: LOL
(35:28 / All) the_beaver: we have rediculous noob here :)
(35:35 / All) sc2no.wc4yes: yep 5v1 and you lose
(35:40 / All) the_beaver: you get feed
(35:44 / All) ObiWanKillNooby: well if green win I get the win too
(35:45 / All) the_beaver: dont even lie green you novice
(35:45 / All) ObiWanKillNooby: lol
(35:51 / All) sc2no.wc4yes: feed?
(35:53 / All) sc2no.wc4yes: youre a retard
(35:54 / All) ObiWanKillNooby: this is awsome
(35:54 / All) the_beaver: feed
(35:57 / All) the_beaver: FEED
(36:11 / All) the_beaver: later coons
(36:20 / All) sc2no.wc4yes: yeah go wash the cum out of yoru mouth
(37:37 / All) ObiWanKillNooby: easy win when I'm not even trying
(37:40 / All) ObiWanKillNooby: lol
(37:46 / All) ObiWanKillNooby: some else is getting me this win
(37:46 / Allies) sc2no.wc4yes: you tried your hardest
(37:48 / Allies) sc2no.wc4yes: and got raped
(38:05 / All) ObiWanKillNooby: I let green do all the work
(38:12 / All) ObiWanKillNooby: while I sit back and watch
(38:15 / Allies) sc2no.wc4yes: yeah i pull down your pants
(38:16 / All) ObiWanKillNooby: and then get a free win
(38:18 / Allies) sc2no.wc4yes: i lube up my dick
(38:20 / Allies) sc2no.wc4yes: u just lay there
(38:22 / All) ObiWanKillNooby: this is awsome
(38:30 / All) Fuzion-licH: pink gj ur feeding him cum
(38:45 / All) ObiWanKillNooby: I know
(38:50 / All) ObiWanKillNooby: he loves my cum
(38:50 / All) Fuzion-licH: lol
(39:03 / All) Fuzion-licH: green he fuckin u hard pink is
(39:36 / All) ObiWanKillNooby: 1 vs 5 lol
(39:40 / All) ObiWanKillNooby: this is awsome
(42:25 / Allies) sc2no.wc4yes: RAPE
(43:04 / All) ObiWanKillNooby: amazing
(43:11 / All) ObiWanKillNooby: green can sure suck a dick
(43:19 / Allies) sc2no.wc4yes: U MAD?
(45:04 / All) ObiWanKillNooby: good thing I'm on greens team
(45:14 / All) ObiWanKillNooby: at least I have a reason of still being here
(45:18 / All) Fuzion-licH: ya cause u would be suckin someone else dick
(45:25 / All) ObiWanKillNooby: because he is adding a win to my record
(45:30 / All) ObiWanKillNooby: and I'm not even doing shit